 Dungeon Crawl Stone Soup version 0.26-a0-201-gb271ac0e06 (console) character file.

Game seed: 397755711777374132

5893 bli the Martial Artist (level 10, -7/71 HPs)
             Began as a Merfolk Transmuter on July 5, 2020.
             Was an Elder of Sif Muna.
             Killed from afar by an electric eel (14 damage)
             ... with a bolt of electricity
             ... on level 9 of the Dungeon.
             The game lasted 00:55:45 (11235 turns).

bli the Martial Artist (Merfolk Transmuter)        Turns: 11235, Time: 00:55:45

Health: -7/71      AC:  3    Str: 26    XL:     10   Next: 82%
Magic:  14/19      EV: 21    Int: 13    God:    Sif Muna [****..]
Gold:   376        SH:  0    Dex: 15    Spells: 6/21 levels left

rFire    + . .     SeeInvis .     - Unarmed
rCold    . . .     Faith    .   (shield currently unavailable)
rNeg     . . .     Spirit   .   I - +0 robe of the Bespelled Slorg {*Slow rPois Str+7}
rPois    +         Reflect  .   s - +1 hat
rElec    .         Harm     .   (no cloak)
rCorr    .                      (gloves currently unavailable)
MR       .....                  (boots currently unavailable)
Stlth    ++++......             D - amulet of regeneration
HPRegen  0.61/turn              B - ring of protection from fire
MPRegen  0.16/turn              Q - +6 ring of strength

@: blade hands, very quick
A: change form in water, swift swim, stealthy swim
a: End Transformation, Channel Magic, Forget Spell, Divine Exegesis, Renounce
Religion


You were on level 9 of the Dungeon.
You worshipped Sif Muna.
Sif Muna was greatly pleased with you.
You were not hungry.
You had blades for hands.
You visited 2 branches of the dungeon, and saw 10 of its levels.

You collected 376 gold pieces.

Inventory:

Hand Weapons
 b - a +1 falchion of protection
 l - a +2 scimitar
 o - a +1 short sword of draining
 p - the +5 dagger "Giant's Nightmare" {freeze, Str+2}
   (You found it on level 9 of the Dungeon)

   It has been specially enchanted to freeze those struck by it, causing extra
   injury to most foes and up to half again as much damage against particularly
   susceptible opponents.
   It can also slow down cold-blooded creatures.
   It affects your strength (+2).
 E - a +4 vampiric short sword
 W - a +4 great sword
Missiles
 i - 251 stones
 j - 89 arrows
 n - 54 poisoned darts
 x - 12 boomerangs (quivered)
 C - a boomerang of dispersal
 R - 2 throwing nets
Armour
 k - a +0 kite shield
 s - a +1 hat (worn)
 v - a +0 robe
 w - a +0 helmet
 z - a +1 leather armour of poison resistance
 F - a +2 ring mail of fire resistance
 I - the +0 robe of the Bespelled Slorg (worn) {*Slow rPois Str+7}
   (You found it on level 7 of the Dungeon)

   It affects your strength (+7).
   It protects you from poison.
   It may slow you when you take damage.
 O - a +0 buckler (melded)
 T - a +2 robe of fire resistance
 U - the +2 shield of Resistance {rF+ rC+ MR+}
   (You found it on level 8 of the Dungeon)

   It protects you from fire.
   It protects you from cold.
   It affects your resistance to hostile enchantments.
 V - a +0 pair of boots (melded)
 Y - a +2 leather armour of positive energy
Jewellery
 B - a ring of protection from fire (left scythe-like blade)
 D - an amulet of regeneration (around neck)
 M - an uncursed ring of protection from cold
 Q - a +6 ring of strength (right scythe-like blade)
Wands
 t - a wand of digging (8)
 u - a wand of paralysis (4)
 H - a wand of polymorph (22)
 K - a wand of disintegration (15)
Scrolls
 a - 2 scrolls of immolation
 c - 2 scrolls of random uselessness {unknown}
 e - 7 scrolls of remove curse
 f - 5 scrolls of teleportation
 h - 2 scrolls of amnesia {unknown}
 m - a scroll of blinking {unknown}
 r - a scroll of enchant weapon {unknown}
 y - a scroll of fear {unknown}
 G - 2 scrolls of enchant armour {unknown}
 L - 2 scrolls of noise {unknown}
 P - a scroll of magic mapping
Potions
 g - 2 potions of flight {unknown}
 q - a potion of lignification
 A - a potion of stabbing {unknown}
 J - a potion of haste {unknown}
 N - a potion of brilliance
 S - a potion of mutation
Comestibles
 d - 24 rations
 X - 6 chunks of flesh


   Skills:
 - Level 4.0 Fighting
 - Level 2.5 Armour
 + Level 7.7 Dodging
 + Level 4.4 Stealth
 * Level 2.1 Shields
 + Level 10.3 Unarmed Combat
 + Level 6.3 Spellcasting
 * Level 8.9 Transmutations
 + Level 1.1 Ice Magic
 + Level 2.2 Poison Magic
 + Level 0.5 Evocations


You had 6 spell levels left.
You knew the following spells:

 Your Spells              Type           Power        Failure   Level  Hunger
a - Beastly Appendage     Tmut           ####..       11%         1    None
b - Sticks to Snakes      Tmut           ####....     13%         2    #......
B - Blade Hands           Tmut           ####......   50%         5    ######.
I - Ice Form              Ice/Tmut       ###.....     63%         4    ####...
S - Spider Form           Tmut/Pois      ###.......   32%         3    ###....

Your spell library contained the following spells:

 Spells                   Type           Power        Failure   Level  Hunger


Dungeon Overview and Level Annotations

Branches:
Dungeon (9/15)             Temple (1/1) D:5
   Lair: D:8-11         Orc: D:9-12

Altars:
Ashenzari
Elyvilon
Hepliaklqana
Makhleb
Okawaru
Sif Muna
Uskayaw
Vehumet
Wu Jian
Xom
Zin
The Shining One

Annotations:
D:7 3 runed translucent doors, Ge0ff's ghost, novice MfIE


Message History

The eight-headed hydra completely misses you.
The eight-headed hydra bites you! x2; The eight-headed hydra misses you. x3; The eight-headed hydra bites you!
You lop one of the eight-headed hydra's heads off!
The seven-headed hydra grows two more!
You slash the nine-headed hydra!
You tail-slap the nine-headed hydra, but do no damage.
The nine-headed hydra is severely wounded.
The nine-headed hydra bites you!
* * * LOW HITPOINT WARNING * * *
The nine-headed hydra misses you. The nine-headed hydra bites you.
* * * LOW HITPOINT WARNING * * *
The nine-headed hydra bites you but does no damage.
The nine-headed hydra bites you.
* * * LOW HITPOINT WARNING * * *
The nine-headed hydra closely misses you.
The nine-headed hydra misses you.
The nine-headed hydra completely misses you.
The nine-headed hydra barely misses you.
The electric eel shoots out a bolt of lightning at you!
The bolt of electricity hits you!
You die...

#.... .............#
#.... #...........
#.... #.....####..
#.... #....)))....
#.... ##.....#####.
#....####............
#≈...........≈≈..
#≈≈...........≈≈.
##D≈≈...........≈.
#≈≈≈≈.............
##@≈÷≈.............
#≈;≈≈≈.............
#≈≈≈≈≈≈...#########
#≈≈≈≈≈≈.............
#≈≈≈≈≈≈≈..##..........
≈≈≈≈≈≈≈≈..# ..........
≈≈≈##≈≈...# .......[..
≈≈≈# #≈≈...#
.......... ≈# ##....#
........ ........
##......


You could see a nine-headed hydra and an electric eel.

Vanquished Creatures
  Grinder (D:5)
  A hippogriff (D:8)
  A yak (D:8)
  3 hogs (D:8)
  A human (D:8)
  Menkaure (D:4)
  Duvessa (D:5)
  3 orc warriors
  An ice beast (D:7)
  2 sky beasts
  8 ogres
  4 centaurs
  The ghost of Flugslaktarn the Chiller, an amateur OpIE (D:6)
  A big kobold (D:8)
  5 bullfrogs
  A wyvern zombie (D:9)
  Dowan (D:5)
  3 scorpions
  A water moccasin skeleton (D:9)
  6 killer bees (D:9)
  11 wights
  5 electric eels (D:9)
  3 howler monkeys
  2 bullfrog zombies
  3 hounds
  3 jellies
  2 centaur zombies (D:6)
  6 orc wizards
  6 orc priests
  7 iguanas
  6 worker ants
  A hound skeleton (D:7)
  A worker ant zombie (D:6)
  A howler monkey zombie (D:9)
  A mummy (D:5)
  11 adders
  A river rat (D:6)
  A white imp (D:7)
  2 ufetubi
  6 worms
  2 dart slugs
  5 leopard geckos
  47 orcs
  3 ball pythons
  8 bats
  8 giant cockroaches
  7 goblins
  9 hobgoblins
  17 jackals
  9 kobolds
  2 quokkas
  4 frilled lizards
  13 rats
259 creatures vanquished.

Vanquished Creatures (collateral kills)
  3 wights
  A centaur skeleton (D:8)
  A worm (D:2)
  3 orcs (D:8)
  A kobold (D:8)
9 creatures vanquished.

Grand Total: 268 creatures vanquished

Notes
Turn   | Place    | Note
-------+----------+-------------------------------------------
     0 | D:1      | bli the Merfolk Transmuter began the quest for the Orb.
     0 | D:1      | Reached XP level 1. HP: 15/15 MP: 3/3
    57 | D:1      | Found a glowing golden altar of the Shining One.
   108 | D:1      | Reached XP level 2. HP: 21/21 MP: 3/5
   115 | D:1      | Learned a level 2 spell: Sticks to Snakes
   125 | D:1      | Reached skill level 4 in Unarmed Combat
   308 | D:1      | Reached XP level 3. HP: 21/26 MP: 4/6
   716 | D:2      | Found a hide-covered altar of Uskayaw.
   796 | D:2      | Reached skill level 5 in Unarmed Combat
   796 | D:2      | Reached XP level 4. HP: 17/32 MP: 7/7
  1751 | D:2      | Learned a level 3 spell: Spider Form
  1796 | D:3      | Reached XP level 5. HP: 35/37 MP: 6/8
  2970 | D:4      | Reached skill level 6 in Unarmed Combat
  2970 | D:4      | Reached XP level 6. HP: 34/43 MP: 10/10
  2976 | D:4      | Learned a level 4 spell: Ice Form
  3230 | D:4      | Noticed Menkaure
  3248 | D:4      | Killed Menkaure
  3515 | D:4      | Found a glowing silver altar of Zin.
  3752 | D:4      | Found a shattered altar of Ashenzari.
  3992 | D:4      | Found a radiant altar of Vehumet.
  4000 | D:4      | Reached XP level 7. HP: 50/50 MP: 10/12
  4127 | D:4      | Reached skill level 1 in Poison Magic
  4222 | D:4      | Found a shimmering blue altar of Sif Muna.
  4228 | D:4      | Became a worshipper of Sif Muna the Loreminder
  4261 | D:4      | Reached skill level 1 in Stealth
  4735 | D:4      | Reached skill level 7 in Unarmed Combat
  5091 | D:4      | Reached XP level 8. HP: 57/57 MP: 7/14
  5149 | D:5      | Entered Level 5 of the Dungeon
  5167 | D:5      | Found a staircase to the Ecumenical Temple.
  5180 | Temple   | Entered the Ecumenical Temple
  5186 | D:5      | Noticed Grinder
  5192 | D:5      | Noticed Dowan
  5192 | D:5      | Noticed Duvessa
  5412 | D:5      | Killed Duvessa
  5412 | D:5      | Reached skill level 5 in Transmutations
  5414 | D:5      | HP: 2/57 [poisoned by a worker ant]
  5429 | D:4      | Learned a level 5 spell: Blade Hands
  5739 | D:5      | Killed Grinder
  5739 | D:5      | Reached skill level 5 in Dodging
  5739 | D:5      | Reached skill level 8 in Unarmed Combat
  6288 | D:5      | Reached * piety under Sif Muna
  6319 | D:5      | Killed Dowan
  6319 | D:5      | Reached skill level 1 in Ice Magic
  6957 | D:6      | Reached skill level 1 in Armour
  6957 | D:6      | Reached XP level 9. HP: 57/63 MP: 15/15
  7075 | D:6      | Found a shimmering altar of Xom.
  7391 | D:6      | Found a runed translucent door.
  7393 | D:6      | Noticed Flugslaktarn's ghost (amateur OpIE)
  7451 | D:6      | Killed Flugslaktarn's ghost
  7573 | D:6      | Reached skill level 9 in Unarmed Combat
  7963 | D:6      | Reached ** piety under Sif Muna
  8372 | D:7      | Found a runed translucent gate.
  8372 | D:7      | Found a runed translucent gate.
  8372 | D:7      | Found a runed translucent gate.
  8406 | D:7      | Noticed Ge0ff's ghost (novice MfIE)
  8469 | D:7      | Got a bloodstained robe
  8480 | D:7      | Identified the +0 robe of the Bespelled Slorg {*Slow rPois
                  | Str+7} (You found it on level 7 of the Dungeon)
  8512 | D:7      | You fall into a shaft and drop 1 floor!
  8519 | D:8      | Reached skill level 5 in Spellcasting
  8530 | D:8      | Found a white marble altar of Elyvilon.
  8590 | D:8      | Reached XP level 10. HP: 58/70 MP: 15/17
  8725 | D:8      | Reached skill level 10 in Unarmed Combat
  9338 | D:8      | Found the +2 shield of Resistance {rF+ rC+ MR+}
  9512 | D:8      | Reached *** piety under Sif Muna
  9716 | D:7      | Found an ornate altar of the Wu Jian Council.
  9745 | D:7      | Reached skill level 1 in Shields
 10225 | D:9      | HP: 1/71 [something (8)]
 10424 | D:9      | Got a fading dagger
 10449 | D:8      | Identified the +5 dagger "Giant's Nightmare" {freeze,
                  | Str+2} (You found it on level 9 of the Dungeon)
 11111 | D:9      | Reached **** piety under Sif Muna
 11225 | D:9      | Noticed a seven-headed hydra
 11235 | D:9      | Killed from afar by an electric eel

Illustrated notes

Levels and vault maps discovered:
D:1:      dpeg_arrival_rhombus, layout_rooms, kennysheep_flooded_box
D:2:      layout_basic, eat_drink_and_be_merry_uskayaw
D:3:      layout_loops_ring, kennysheep_donut, serial_bayou_lagoon_a,
          minivault_25
D:4:      kennysheep_six_static_rooms, layout_basic, kennysheep_little_box,
          lemuel_crystal_altar, old_standard_altar, lemuel_crystal_altar,
          serial_glass, glass_columns_c, glass_columns_b, uniq_menkaure
D:5:      layout_loops_cross, minmay_temple_entry_tees,
          gup_ossuary_entry_pyramid, first_ration, minmay_misc_feat_x,
          uniq_grinder, uniq_duvessa
D:6:      minmay_opposing_rooms, layout_basic, lemuel_crystal_altar,
          ebering_ghost_sewer_d, gup_sewer_entry_spiral
D:7:      layout_rooms, basic_altar, gammafunk_ghost_nasty_kobolds
D:8:      layout_gridville, elyvilon_altar_4, grunt_livestock
D:9:      statuecave_lemuel, layout_basic, marbit_many_paths,
          minmay_misc_feat_cross
Temple:   zaba_magenta_temple

Skill      XL: |  1  2  3  4  5  6  7  8  9 10 |
---------------+-------------------------------+-----
Unarmed Combat | 4 5 6 7 8 9 10 | 10.3
Dodging        | 3 4 5 6 7 |  7.7
Transmutations | 3 4 5 7 8 |  8.9
Spellcasting   | 3 4 5 6 |  6.3
Fighting       | 2 3 4 |  4.0
Poison Magic   | 1 2 |  2.2
Stealth        | 1 2 3 4 |  4.4
Ice Magic      | 1 |  1.1
Armour         | 1 2 |  2.5
Shields        | 2 |  2.1
Evocations     | |  0.5

Action                   |  1- 3 |  4- 6 |  7- 9 | 10-12 || total
-------------------------+-------+-------+-------+-------++-------
Melee: Unarmed           |    93 |   213 |   429 |   215 ||   950
       Headbutt          |    17 |    37 |    44 |    40 ||   138
       Punch             |       |     5 |    13 |       ||    18
       Tailslap          |       |       |     3 |     5 ||     8
Throw: Stone             |       |     5 |       |       ||     5
       Boomerang         |       |       |     8 |    57 ||    65
 Cast: Beastly Appendage |    17 |    36 |    37 |    25 ||   115
       Sticks to Snakes  |     1 |    11 |     3 |    21 ||    36
       Spider Form       |       |       |     9 |     1 ||    10
       Blade Hands       |       |       |       |     1 ||     1
Evoke: Wand              |       |       |       |     7 ||     7
  Use: Potion            |       |       |     5 |     4 ||     9
       Scroll            |       |       |       |     6 ||     6
 Stab: Sleeping          |       |     1 |     9 |     2 ||    12
       Distracted        |       |       |     2 |     3 ||     5
  Eat: Chunk             |       |    12 |    15 |     7 ||    34
       Ration            |       |       |       |     1 ||     1
Armor: Robe              |    17 |    27 |     2 |    24 ||    70
       Leather armour    |       |       |    77 |       ||    77
       Skin              |       |       |     2 |    37 ||    39
Dodge: Dodged            |    66 |   114 |   303 |   186 ||   669
Block: Buckler           |       |       |       |    28 ||    28

Table legend:
 A = Non-vault XP
 B = Vault XP
 C = Vault XP percentage of total XP
 D = Non-vault monster count
 E = Vault monster count
 F = Vault count percentage of total count
                 A         B        C        D         E       F
            +---------+---------+-------+---------+---------+-------
      Total |    5914 |    2505 |  29.8 |     236 |      32 |  11.9
            +---------+---------+-------+---------+---------+-------
        D:1 |      37 |       0 |   0.0 |      21 |       0 |   0.0
        D:2 |     112 |       0 |   0.0 |      23 |       0 |   0.0
        D:3 |     155 |       0 |   0.0 |      39 |       0 |   0.0
        D:4 |     681 |     305 |  30.9 |      31 |       4 |  11.4
        D:5 |     385 |     529 |  57.9 |      15 |       4 |  21.1
        D:6 |     501 |     658 |  56.8 |      24 |      19 |  44.2
        D:7 |    1100 |       0 |   0.0 |      19 |       0 |   0.0
        D:8 |    1316 |    1013 |  43.5 |      28 |       5 |  15.2
        D:9 |    1582 |       0 |   0.0 |      34 |       0 |   0.0
     Temple |      45 |       0 |   0.0 |       2 |       0 |   0.0
            +---------+---------+-------+---------+---------+-------
